 Dungeon Crawl Stone Soup version 0.28-a0-655-g4eb62b627b (webtiles) character file.

Game seed: 5294684126320136556

6025 Ranzir the Grappler (level 10, -1/160 HPs)
             Began as a Troll Berserker on Sept 29, 2021.
             Was a High Priest of Trog.
             Slain by a killer bee (4 damage)
             ... on level 9 of the Dungeon on Oct 12, 2021.
             The game lasted 00:16:55 (6533 turns).

Ranzir the Grappler (Troll Berserker)               Turns: 6533, Time: 00:16:56

Health: -1/160     AC:  9    Str: 36    XL:     10   Next: 56%
Magic:  9/9        EV: 10    Int:  3    God:    Trog [*****.]
Gold:   338        SH:  0    Dex:  9    Spells: 9/9 levels left

rFire   . . .      SeeInvis .     - Unarmed
rCold   . . .      Faith    .   (no shield)
rNeg    . . .      Spirit   .   h - +0 swamp dragon scales
rPois   +          Reflect  .   (helmet restricted)
rElec   .          Harm     .   (no cloak)
rCorr   .          Rampage  .   (gloves unavailable)
Will    .....                   (boots unavailable)
Stlth   ..........              (no amulet)
HPRegen 1.36/turn               j - +6 ring of strength
MPRegen 0.11/turn               (no ring)

@: berserking, very quick
A: large, unfitting armour, claws 3, regeneration 1, shaggy fur 1, tough skin 1
a: Renounce Religion, Berserk, Trog's Hand, Brothers in Arms


You were on level 9 of the Dungeon.
You worshipped Trog.
Trog was extremely pleased with you.
You visited 2 branches of the dungeon, and saw 10 of its levels.

You collected 430 gold pieces.
You spent 92 gold pieces at shops.

Inventory:

Armour
 a - a +0 animal skin
 h - +0 swamp dragon scales (worn)
Jewellery
 j - a +6 ring of strength (left claw)
Wands
 c - a wand of charming (4)
 g - a wand of paralysis (7)
 i - a wand of polymorph (4)
 q - a wand of digging (5)
 v - a wand of acid (5)
 w - a wand of iceblast (2)
Scrolls
 e - 4 scrolls of teleportation
 k - a scroll of silence
 m - a scroll of magic mapping
 o - 3 scrolls of identify
 p - a scroll of holy word
 t - a scroll of enchant armour {unknown}
 u - a scroll of enchant weapon {unknown}
Potions
 b - a potion of magic {unknown}
 d - 3 potions of flight
 f - a potion of curing
 l - a potion of degeneration
 n - a potion of resistance
 r - a potion of attraction {unknown}
 s - a potion of might


   Skills:
 + Level 9.3 Fighting
 + Level 5.3 Dodging
 + Level 11.1 Unarmed Combat


You had 9 spell levels left.
You didn't know any spells.
Your spell library was empty.

Dungeon Overview and Level Annotations

Branches:
Dungeon (9/15)             Temple (1/1) D:5            Lair (0/6) D:9
    Orc: D:9-12

Altars:
Ashenzari
Cheibriados
Dithmenos
Elyvilon
Fedhas
Gozag
Hepliaklqana
Kikubaaqudgha
Makhleb
Nemelex Xobeh
Okawaru
Qazlal
Ru
Sif Muna
Trog
Uskayaw
Vehumet
Wu Jian
Xom
Yredelemnul
Zin
The Shining One

Shops:
D:3 :*(:   D:9 *=([[

Annotations:
D:6 1 runed translucent door


Innate Abilities, Weirdness & Mutations

You are too large for most types of armour.
You have claws for hands.
Your natural rate of healing is unusually fast.
You are covered in fur. (AC +1)
You have tough skin. (AC +1)


Message History

You are too injured to fight recklessly!
You are too injured to fight recklessly!
You are too injured to fight recklessly!
You are too injured to fight recklessly!
You completely miss the killer bee. The killer bee stings you.
* * * LOW HITPOINT WARNING * * *
The killer bee barely misses you.
The killer bee stings you but does no damage.
The killer bee stings you.
* * * LOW HITPOINT WARNING * * *
You barely miss the killer bee.
The killer bee is heavily wounded.
You feel sick.
You are no longer poisoned.
The killer bee stings you!
* * * LOW HITPOINT WARNING * * *
The killer bee stings you but does no damage.
The killer bee stings you.
* * * LOW HITPOINT WARNING * * *
The killer bee stings you but does no damage.
You miss the killer bee.
The killer bee is heavily wounded.
The killer bee barely misses you. The killer bee closely misses you.
The killer bee stings you.
* * * LOW HITPOINT WARNING * * *
The killer bee stings you but does no damage.
You eviscerate the killer bee!!!
You kill the killer bee!
Trog accepts your kill.
The killer bee stings you but does no damage.
The killer bee barely misses you. The killer bee closely misses you.
The killer bee stings you.
* * * LOW HITPOINT WARNING * * *
The killer bee barely misses you.
You claw the killer bee!
The killer bee is severely wounded.
The killer bee closely misses you.
The killer bee stings you but does no damage.
The killer bee stings you.
You die...

###..##### ####.#### #.
##...# #..# ## ...#.#
##.## .#...# #..# ###..#
##.# ###.##### #.#
#.......# ###'##
#.......# #....#
#.....∩.#######.@y.###
#.......#.....'.yy.'.#
#.........#####....#...#
#.......### #....# #.#
))......# #....# #
#)......# #....#
#.......# #....#
#.......# ######
#.......#


You could see 3 killer bees.

Vanquished Creatures
  A centaur warrior (D:9)
  The ghost of rogsnak the Thaumaturge, a novice DjFE of Makhleb (D:6)
  A manticore (D:9)
  Maggie (D:6)
  A troll (D:9)
  2 wyverns (D:9)
  Menkaure (D:7)
  A steam dragon (D:8)
  A water moccasin (D:8)
  Duvessa (D:5)
  An orc warrior (D:8)
  An ice beast (D:8)
  A hornet zombie (D:8)
  A black bear (D:4)
  A necrophage (D:7)
  3 ogres
  4 centaurs
  A phantom (D:2)
  Blork the orc (D:5)
  4 bullfrogs
  3 kobold brigands
  A wyvern zombie (D:7)
  Dowan (D:5)
  A water moccasin zombie (D:6)
  8 killer bees
  3 wights (D:7)
  A howler monkey (D:5)
  A bullfrog zombie (D:6)
  2 centaur zombies (D:9)
  6 orc priests
  2 jellies
  A bullfrog skeleton (D:5)
  4 hounds (D:5)
  2 iguanas
  8 orc wizards
  A killer bee zombie (D:7)
  A hound skeleton (D:5)
  A howler monkey zombie (D:9)
  4 gnolls (D:6)
  A river rat (D:6)
  4 adders
  A howler monkey skeleton (D:4)
  2 white imps (D:7)
  An adder skeleton (D:4)
  2 worms (D:2)
  2 dart slugs (D:3)
  26 orcs
  7 ball pythons
  7 endoplasms
  3 goblins (D:4)
  4 hobgoblins
  4 jackals (D:4)
  7 quokkas
  6 bats
  3 frilled lizards
  38 kobolds
  5 rats
203 creatures vanquished.

Vanquished Creatures (others)
  71 plants (D:8)
71 creatures vanquished.

Grand Total: 274 creatures vanquished

Notes
Turn   | Place    | Note
-------+----------+-------------------------------------------
     0 | D:1      | Ranzir the Troll Berserker began the quest for the Orb.
     0 | D:1      | Reached XP level 1. HP: 22/22 MP: 0/0
   127 | D:1      | Reached XP level 2. HP: 29/29 MP: 1/1
   211 | D:1      | Found a faded altar of an unknown god.
   662 | D:2      | Reached XP level 3. HP: 37/37 MP: 2/2
   717 | D:2      | Reached ** piety under Trog
   858 | D:2      | Noticed a phantom
   873 | D:2      | Killed a phantom
   874 | D:2      | Reached skill level 4 in Unarmed Combat
   874 | D:2      | Reached XP level 4. HP: 31/46 MP: 3/3
  1101 | D:3      | Found Soceef's Book Emporium.
  1291 | D:3      | Reached XP level 5. HP: 54/54 MP: 4/4
  1466 | D:3      | Found a shadowy altar of Dithmenos.
  1546 | D:3      | Found Ilunydwa's Armour Shoppe.
  1572 | D:3      | Found Yschym's Book Shoppe.
  1757 | D:3      | Found Petoidy's General Store.
  1821 | D:3      | Found Pemag Syb's Weapon Emporium.
  1924 | D:4      | Identified the +1 ring mail of Cooxtur {rElec Dex+3}
  2036 | D:4      | Reached *** piety under Trog
  2038 | D:4      | Noticed a black bear
  2045 | D:4      | Killed a black bear
  2046 | D:4      | Reached skill level 5 in Unarmed Combat
  2046 | D:4      | Reached XP level 6. HP: 45/63 MP: 5/5
  2397 | D:5      | Entered Level 5 of the Dungeon
  2397 | D:5      | Found a staircase to the Ecumenical Temple.
  2412 | Temple   | Entered the Ecumenical Temple
  2666 | D:5      | Noticed Blork the orc
  2684 | D:5      | Killed Blork the orc
  2828 | D:5      | Reached skill level 5 in Fighting
  2828 | D:5      | Reached skill level 6 in Unarmed Combat
  2828 | D:5      | Reached XP level 7. HP: 72/72 MP: 6/6
  3047 | D:5      | Reached skill level 7 in Unarmed Combat
  3058 | D:5      | Noticed Duvessa
  3058 | D:5      | Noticed Dowan
  3071 | D:5      | Killed Duvessa
  3071 | D:5      | Reached **** piety under Trog
  3077 | D:5      | Reached XP level 8. HP: 57/83 MP: 7/7
  3082 | D:5      | Killed Dowan
  3748 | D:6      | Noticed Maggie
  3785 | D:6      | Killed Maggie
  3786 | D:6      | Reached skill level 8 in Unarmed Combat
  3833 | D:6      | Found a runed translucent door.
  3838 | D:6      | Noticed rogsnak's ghost (novice DjFE)
  4009 | D:6      | Found a runed translucent door.
  4086 | D:6      | Killed rogsnak's ghost
  4087 | D:6      | Reached skill level 9 in Unarmed Combat
  4087 | D:6      | Reached XP level 9. HP: 94/94 MP: 8/8
  4157 | D:7      | Upgraded the game from 0.28-a0-563-gf77a47075d to
                  | 0.28-a0-655-g4eb62b627b
  4527 | D:7      | Noticed Menkaure
  4541 | D:7      | Killed Menkaure
  5083 | D:8      | Reached skill level 10 in Unarmed Combat
  5402 | D:8      | Reached ***** piety under Trog
  5749 | D:8      | Reached XP level 10. HP: 100/106 MP: 9/9
  5891 | D:9      | Found Bum Zus's Weapon Boutique.
  5917 | D:9      | Found Xysulael's Antique Armour Shop.
  5982 | D:9      | Found a staircase to the Lair.
  5991 | D:9      | Found Beureong's Antique Armour Shop.
  6103 | D:9      | Noticed a centaur warrior
  6105 | D:9      | Noticed a manticore
  6121 | D:9      | Found the +3 salamander hide armour {Flames rF++ rC--}
  6136 | D:9      | Killed a centaur warrior
  6142 | D:9      | Killed a manticore
  6143 | D:9      | Reached skill level 5 in Dodging
  6266 | D:9      | Found Noham's Jewellery Shoppe.
  6280 | D:9      | Reached skill level 11 in Unarmed Combat
  6435 | D:9      | Found Peamneku's Assorted Antiques.
  6449 | D:9      | Bought a scroll of identify for 64 gold pieces
  6449 | D:9      | Bought a viscous dark potion for 28 gold pieces
  6529 | D:9      | HP: 7/160 [killer bee (6)]
  6532 | D:9      | HP: 3/160 [killer bee (5)]
  6533 | D:9      | Slain by a killer bee

Illustrated notes

Levels and vault maps discovered:
D:1:      dpeg_arrival_lava_temple_mockup, layout_loops_ring,
          shapermc_ecumenical_altar_gd, minmay_tripent
D:2:      layout_rooms
D:3:      layout_basic, lemuel_crystal_altar, serial_shops, shop,
          nicolae_shop_stone, nicolae_lakefront_shop,
          nicolae_shop_window_shopping, nicolae_shop_stone
D:4:      layout_rooms
D:5:      layout_cave_pods, minmay_temple_entry_drinking_statues, st_stairs_8,
          minmay_misc_feat_tiny, uniq_blork_the_orc, uniq_duvessa
D:6:      layout_rooms, ebering_ghost_sewer_f, serial_bayou_pond_d, uniq_maggie
D:7:      layout_layer_cave, minivault_1, uniq_menkaure
D:8:      kennysheep_kobold_camp, layout_basic
D:9:      layout_roguey, dpeg_oklobed_lair, gammafunk_ghost_nasty_kobolds,
          serial_shops, shop_fountains, shop, nicolae_lakefront_shop, shop,
          nicolae_shop_waterfront, minmay_mirror_moons_of_madness
Temple:   kilobyte_greek_temple

Skill      XL: |  1  2  3  4  5  6  7  8  9 10 |
---------------+-------------------------------+-----
Fighting       | 3 4 5 6 7 8 9 |  9.3
Unarmed Combat | 4 5 6 7 9 10 11 | 11.1
Dodging        | 4 5 |  5.3

Action                   |  1- 3 |  4- 6 |  7- 9 | 10-12 || total
-------------------------+-------+-------+-------+-------++-------
Melee: Unarmed           |    62 |   132 |   257 |   107 ||   558
       Touch             |       |     2 |     3 |       ||     5
       Punch             |       |       |     7 |     5 ||    12
Invok: Berserk           |       |       |     3 |     1 ||     4
       Trog's Hand       |       |       |     1 |     1 ||     2
  Use: Potion            |       |       |     8 |       ||     8
       Scroll            |       |       |       |     7 ||     7
Armor: Animal skin       |    22 |    31 |    13 |       ||    66
       Swamp dragon scal |       |       |    51 |    61 ||   112
Dodge: Dodged            |    32 |    53 |    75 |    73 ||   233

Table legend: (Time is in decaauts)
 A = Elapsed time spent in this place.
 B = Non-inter-level travel time spent in this place.
 C = Inter-level travel time spent in this place.
 D = Time resting spent in this place.
 E = Time spent auto-exploring this place.
 F = Levels seen in this place.
 G = Mean time per level.
                   A        B        C        D        E       F      G
               +--------+--------+--------+--------+--------+-----+--------+
         Total |   6503 |   6259 |    244 |     66 |   4976 |  10 |  650.3 |
       Dungeon |   6305 |   6097 |    208 |     66 |   4821 |   9 |  700.6 |
        Temple |    197 |    161 |     36 |      0 |    155 |   1 |  197.0 |
               +--------+--------+--------+--------+--------+-----+--------+

Top non-repeatable levels by time:
     D:8: 919 daAuts
     D:5: 899 daAuts
     D:7: 828 daAuts
     D:3: 784 daAuts
     D:6: 664 daAuts
     D:1: 612 daAuts
     D:9: 611 daAuts
     D:4: 549 daAuts
     D:2: 436 daAuts
  Temple: 197 daAuts
